 Dungeon Crawl Stone Soup version 0.28-a0-384-g9e0c098162 (webtiles) character file.

Game seed: 7007312962065245481

107 Spaninq the Conjurer (level 4, -1/33 HPs)
             Began as a Demigod Conjurer on Sept 2, 2021.
             Killed from afar by a steam dragon (11 damage)
             ... with a ball of steam
             ... on level 3 of the Dungeon.
             The game lasted 00:05:03 (2493 turns).

Spaninq the Conjurer (Demigod Conjurer)             Turns: 2493, Time: 00:05:03

Health: -1/33      AC:  5    Str:  8    XL:     4   Next: 32%
Magic:  10/10      EV: 11    Int: 24    God:
Gold:   93         SH:  0    Dex: 12    Spells: 5/8 levels left

rFire   . . .      SeeInvis .   b - +0 dagger
rCold   . . .      Faith    .   (no shield)
rNeg    . . .      Spirit   .   f - +2 leather armour {Will+}
rPois   .          Reflect  .   (no helmet)
rElec   .          Harm     .   (no cloak)
rCorr   .          Rampage  .   (no gloves)
Will    +....                   (no boots)
Stlth   ++........              (no amulet)
HPRegen 0.11/turn               k - +4 ring of slaying
MPRegen 0.12/turn               (no ring)

@: no status effects
A: high mp 1, forlorn
a: no special abilities


You were on level 3 of the Dungeon.
You visited 1 branch of the dungeon, and saw 3 of its levels.

You collected 93 gold pieces.

Inventory:

Hand Weapons
 b - a +0 dagger (weapon)
Missiles
 c - 29 stones
Armour
 f - a +2 leather armour of willpower (worn)
Jewellery
 k - a +4 ring of slaying (left hand)
Scrolls
 d - a scroll of vulnerability {unknown}
 e - 2 scrolls of identify {unknown}
 g - a scroll of enchant weapon {unknown}
Potions
 a - a potion of resistance {unknown}
 h - a potion of might {unknown}
 i - a potion of curing {unknown}
 j - 2 potions of lignification {unknown}


   Skills:
 - Level 1.7 Dodging
 - Level 1.7 Stealth
 + Level 2.7 Spellcasting
 * Level 5.0 Conjurations


You had 5 spell levels left.
You knew the following spells:

 Your Spells              Type           Power      Damage    Failure   Level
a - Magic Dart            Conj           100%       1d8       1%          1
b - Searing Ray           Conj           54%        3d5       3%          2

Your spell library contained the following spells:

 Spells                   Type           Power      Damage    Failure   Level
 Dazzling Flash           Conj/Hex       30%        N/A       17%         3
 Fulminant Prism          Conj/Hex       7%         3d7       50%         4
 Iskenderun's Mystic Bla  Conj/Tloc      15%        2d5       50%         4


Dungeon Overview and Level Annotations

Branches:
Dungeon (3/15)


Innate Abilities, Weirdness & Mutations

Your attributes grow dramatically as you level up.
You have an increased reservoir of magic. (+10% MP)
You shall have no god before yourself.


Message History

Magic restored.
Things that are here:
a +0 short sword; 4 poisoned darts; a kobold corpse
Things that are here:
a +0 dagger; a goblin corpse
Found a gnarled smoking staff.
An adder comes into view.
Found a stone staircase leading up.
Casting: Magic Dart (safe; 2% risk of failure)
Confirm with . or Enter, or press ? or * to list all spells.
Aiming: Magic Dart (safe; 2% risk of failure)
Press: ? - help, Shift-Dir - straight line, f - adder
Aim: an adder (wandering, hasn't noticed you, 100% to hit)
The magic dart hits the adder.
The adder is moderately wounded.
The adder hisses angrily.
Casting: Magic Dart (safe; 2% risk of failure)
Confirm with . or Enter, or press ? or * to list all spells.
Aiming: Magic Dart (safe; 2% risk of failure)
Press: ? - help, Shift-Dir - straight line, f/p - adder
Aim: an adder (moderately wounded, 100% to hit)
The magic dart hits the adder!
The adder is almost dead.
A steam dragon comes into view.
Casting: Magic Dart (safe; 2% risk of failure)
Confirm with . or Enter, or press ? or * to list all spells.
Aiming: Magic Dart (safe; 2% risk of failure)
Press: ? - help, Shift-Dir - straight line, f/p - adder
Aim: an adder (almost dead, 100% to hit)
The magic dart hits the adder.
You kill the adder!
The steam dragon hisses angrily.
Your Conjurations skill increases to level 5!
Okay, then.
The steam dragon breathes steam at you. The ball of steam hits you!!
Ouch! That really hurt!
The steam dragon breathes steam at you. The ball of steam hits you!
You die...

....###..........#
##.#.##.
..............#..#
........
.................#
##.##.#.
.....##..........# #
#.#.
.....##.......§§§#.#.# #
#.
............D§.§§§....
.. .#...##.....#§§§§#.#.
# ..
.#.............§.#.#...#
..
................@.......
............#....#.#...#
#...###.....†.|...... ..
#... #.#...#....#.#...
.... ............#.# ...
........#####..... . ..
#...##### #.#..# #. # #
.. ...... .. . . .


You could see a steam dragon (catching breath).

Vanquished Creatures
  6 adders
  A worm (D:2)
  3 orcs (D:3)
  7 ball pythons
  2 endoplasms
  2 giant cockroaches
  6 goblins
  4 hobgoblins (D:3)
  A quokka (D:1)
  5 bats
  3 frilled lizards (D:2)
  4 kobolds
  3 rats
47 creatures vanquished.

Notes
Turn   | Place    | Note
-------+----------+-------------------------------------------
     0 | D:1      | Spaninq the Demigod Conjurer began the quest for the Orb.
     0 | D:1      | Reached XP level 1. HP: 14/14 MP: 5/5
   448 | D:1      | Reached XP level 2. HP: 20/20 MP: 4/7
   510 | D:1      | Reached skill level 4 in Conjurations
   996 | D:1      | Learned a level 2 spell: Searing Ray
  1170 | D:2      | Reached XP level 3. HP: 26/26 MP: 3/9
  2143 | D:3      | Reached XP level 4. HP: 33/33 MP: 6/10
  2468 | D:3      | Noticed a steam dragon
  2470 | D:3      | Reached skill level 5 in Conjurations
  2493 | D:3      | Killed from afar by a steam dragon

Illustrated notes

Levels and vault maps discovered:
D:1:      amcnicky_arrival_abandoned_market, layout_loops_cross,
          shapermc_ecumenical_altar_pompeii
D:2:      layout_basic, dk_noncrumbling_3, minmay_crystal_water
D:3:      layout_basic, overflow_temple_1_default, serial_curves,
          eino_curves_04, eino_curves_03, uniq_sigmund

Skill      XL: |  1  2  3  4 |
---------------+-------------+-----
Spellcasting   | 2 |  2.7
Conjurations   | 4 5 |  5.0
Dodging        | |  1.7
Stealth        | |  1.7

Action                   |  1- 3 |  4- 6 || total
-------------------------+-------+-------++-------
Melee: Unarmed           |     6 |       ||     6
       Dagger            |     1 |     1 ||     2
 Cast: Magic Dart        |    59 |    14 ||    73
       Searing Ray       |     3 |     2 ||     5
Armor: Robe              |     1 |       ||     1
       Leather armour    |     1 |       ||     1
Dodge: Dodged            |     9 |     2 ||    11

Table legend: (Time is in decaauts)
 A = Elapsed time spent in this place.
 B = Non-inter-level travel time spent in this place.
 C = Inter-level travel time spent in this place.
 D = Time resting spent in this place.
 E = Time spent auto-exploring this place.
 F = Levels seen in this place.
 G = Mean time per level.
                   A        B        C        D        E       F      G
               +--------+--------+--------+--------+--------+-----+--------+
         Total |   2493 |   2436 |     57 |    444 |   1708 |   3 |  831.0 |
       Dungeon |   2493 |   2436 |     57 |    444 |   1708 |   3 |  831.0 |
               +--------+--------+--------+--------+--------+-----+--------+

Top non-repeatable levels by time:
     D:2: 1031 daAuts
     D:1: 996 daAuts
     D:3: 465 daAuts
